 Dungeon Crawl Stone Soup version 0.32-a0-871-ge202e49faa (webtiles) character file.

Game seed: 11637188897674535659

1296854 TheMeInTeam the Acrobat (level 27, 161/161 HPs)
             Began as a Felid Hedge Wizard on Mar 29, 2024.
             Was an Elder of Sif Muna.
             Escaped with the Orb
             ... and 3 runes on Mar 30, 2024!
             The game lasted 05:58:04 (135374 turns).

TheMeInTeam the Acrobat (Felid Hedge Wizard)      Turns: 135374, Time: 05:58:04

Health: 161/161    AC:  9    Str:  6    XL:     27
Magic:  44/44      EV: 35    Int: 37    God:    Sif Muna [****..]
Gold:   3726       SH:  0    Dex: 17    Spells: 9/58 levels left
                                        Lives:  2   Deaths: 3

rFire   + +          .
                       - Unarmed
rCold   + . .        (shield unavailable)
rNeg    . . .        (body armour unavailable)
rPois   +            (helmet unavailable)
rElec   +            (cloak unavailable)
rCorr   .            (gloves unavailable)
SInv    +            (boots unavailable)
Will    ++++.        r - amulet of guardian spirit
Stlth   +            B - ring "Daob" {rF++ AC+4}
HPRegen 0.46/turn    z - +6 ring of intelligence {=R}
MPRegen 0.29/turn

%: clarity, guardian spirit
@: beast-form, hasted, very quick
A: beast (slay +4), very small, claws 1, fangs 3, see invisible, shaggy fur 3,
stealthy paws, no weapons or thrown items, no armour, multi-lived, iridescent
scales 1, clarity, electricity resistance
0: Orb of Zot
}: 3/15 runes: serpentine, barnacled, slimy
a: Begin Untransformation, Renounce Religion, Channel Magic, Forget Spell,
Divine Exegesis


You escaped.
You worshipped Sif Muna.
Sif Muna was greatly pleased with you.
You were a hulking beast.
You visited 11 branches of the dungeon, and saw 52 of its levels.
You visited 1 bazaar.
You also visited: Sewer and Bailey.

You collected 8117 gold pieces.
You spent 4391 gold pieces at shops.

Inventory:

Jewellery
 r - an amulet of guardian spirit (around neck)
 y - the ring of Mypraoj {*Slow +Blink rF+++ Int+2 Dex+6}
   (You acquired it on level 1 of the Shoals)

   [ring of dexterity]

   Int+2:     It affects your intelligence (+2).
   Dex+6:     It affects your dexterity (+6).
   rF+++:     It renders you almost immune to fire.
   +Blink:    It lets you blink.
   *Slow:     It may slow you when you take damage.
 z - a +6 ring of intelligence (right paw) {=R}
 B - the ring "Daob" (left paw) {rF++ AC+4}
   (You found it on level 5 of the Pits of Slime)

   [ring of protection]

   AC+4:      It affects your AC (+4).
   rF++:      It greatly protects you from fire.
 K - a ring of resist corrosion
 V - the ring "Launnare" {Wiz rN+ Slay+2}
   (You took it off a deep elf pyromancer on level 3 of the Elven Halls)

   [ring of wizardry]

   Wiz:       It improves your spell success rate.
   Slay+2:    It affects your accuracy & damage with ranged weapons and melee
   (+2).
   rN+:       It protects you from negative energy.
Talismans
 p - the serpent talisman of the Garden {rCorr Str+8 Int-4 Dex+4}
   (You took it off Aizul on level 3 of the Snake Pit)

   [serpent talisman]

   Str+8:     It affects your strength (+8).
   Int-4:     It affects your intelligence (-4).
   Dex+4:     It affects your dexterity (+4).
   rCorr:     It protects you from acid and corrosion.
 E - the maw talisman of Qenufan {rF+ Str+3 Slay+3}
   (You found it on level 5 of the Lair of Beasts)

   [maw talisman]

   Str+3:     It affects your strength (+3).
   Slay+3:    It affects your accuracy & damage with ranged weapons and melee
   (+3).
   rF+:       It protects you from fire.
 G - a talisman of death
 N - a granite talisman
 T - a dragon-blood talisman
 W - the beast talisman of Failure (active) {rPois}
   (You found it on level 3 of the Elven Halls)

   [beast talisman]

   rPois:     It protects you from poison.
Wands
 a - a wand of mindburst (50)
 c - a wand of charming (38)
 e - a wand of flame (99)
 F - a wand of polymorph (7)
 M - a wand of roots (69)
Scrolls
 l - 4 scrolls of fear
 m - 35 scrolls of identify
 q - 12 scrolls of teleportation
 v - 2 scrolls of blinking
 w - 8 scrolls of immolation
 A - 5 scrolls of poison
 C - 5 scrolls of silence
 H - 6 scrolls of vulnerability
 J - 2 scrolls of revelation
 S - 6 scrolls of amnesia
 X - 3 scrolls of torment
 Z - a scroll of butterflies
Potions
 b - 19 potions of curing
 d - a potion of invisibility
 f - 4 potions of magic
 g - 8 potions of haste
 j - 3 potions of cancellation
 k - 11 potions of lignification
 n - 10 potions of might
 o - 3 potions of resistance
 s - 4 potions of brilliance
 u - 8 potions of mutation
 P - a potion of ambrosia
 Q - 9 potions of heal wounds
 Y - 2 potions of enlightenment
Miscellaneous
 t - a phantom mirror
 x - a Gell's gravitambourine (inert)
 I - a lightning rod (3/4)
 L - a tin of tremorstones (2/2)
 U - a box of beasts


   Skills:
 + Level 22.0 Fighting
 + Level 24.9 Dodging
 - Level 6.0 Stealth
 - Level 6.0 Unarmed Combat
 - Level 16.0 Spellcasting
 - Level 16.0 Conjurations
 - Level 10.0 Hexes
 - Level 3.0 Summonings
 - Level 1.5 Translocations
 - Level 4.0 Fire Magic
 - Level 8.0 Ice Magic
 - Level 8.0 Air Magic
 - Level 10.0 Alchemy
 - Level 19.0 Invocations
 - Level 10.0 Evocations
 - Level 16.0 Shapeshifting


You had 9 spell levels left.
You knew the following spells:

 Your Spells              Type           Power      Damage    Failure   Level
a - Magic Dart            Conj           100%       1d8       0%          1
b - Fulminant Prism       Conj/Alch      45%        3d21      1%          4
c - Freezing Cloud        Conj/Ice/Air   41%        6-21      1%          5
d - Olgreb's Toxic Radia  Alch           80%        N/A       1%          4
e - Irradiate             Conj/Alch      45%        3d26      1%          5
f - Orb of Destruction    Conj           49%        9d13      1%          7
g - Ignite Poison         Fire/Alch      69%        N/A       1%          4
i - Silence               Hex/Air        38%        N/A       1%          5
r - Mephitic Cloud        Conj/Alch/Air  85%        N/A       1%          3
s - Blink                 Tloc           80%        N/A       1%          2
v - Confusing Touch       Hex            80%        N/A       1%          3
w - Yara's Violent Unrav  Hex/Alch       40%        3d16      1%          5
z - Apportation           Tloc           80%        N/A       1%          1

Your spell library contained the following spells:

 Spells                   Type           Power      Damage    Failure   Level
 Shock                    Conj/Air       100%       1d9       0%          1
 Sting                    Conj/Alch      100%       1d9       0%          1
 Searing Ray              Conj           100%       2d8       0%          2
 Static Discharge         Conj/Air       100%       3-8/arc   0%          2
 Dazzling Flash           Conj/Hex       100%       N/A       0%          3
 Foxfire                  Conj/Fire      100%       2x1d9     1%          1
 Freeze                   Ice            100%       1d10      1%          1
 Kiss of Death            Conj/Necr      100%       2d13      1%          1
 Necrotise                Necr           100%       1d9       1%          1
 Slow                     Hex            100%       N/A       1%          1
 Summon Small Mammal      Summ           100%       N/A       1%          1
 Call Imp                 Summ           100%       N/A       1%          2
 Cigotuvi's Dreadful Rot  Necr/Alch/Air  100%       N/A       1%          2
 Ensorcelled Hibernation  Hex/Ice        100%       N/A       1%          2
 Jinxbite                 Hex            100%       N/A       1%          2
 Mercury Vapours          Alch/Air       100%       N/A       1%          2
 Momentum Strike          Conj/Tloc      100%       3d10      1%          2
 Scorch                   Fire           100%       2d9       1%          2
 Sublimation of Blood     Necr           29%        N/A       1%          2
 Call Canine Familiar     Summ           51%        N/A       1%          3
 Frozen Ramparts          Ice            100%       1d16      1%          3
 Hailstorm                Conj/Ice       87%        3d14      1%          3
 Inner Flame              Hex/Fire       69%        N/A       1%          3
 Ozocubu's Armour         Ice            73%        N/A       1%          3
 Sigil of Binding         Hex            80%        N/A       1%          3
 Summon Ice Beast         Ice/Summ       63%        N/A       1%          3
 Swiftness                Air            73%        N/A       1%          3
 Teleport Other           Tloc           40%        N/A       1%          3
 Tukima's Dance           Hex            80%        N/A       1%          3
 Volatile Blastmotes      Fire/Tloc      100%       2d18      1%          3
 Airstrike                Air            36%        2d(6-22)  1%          4
 Anguish                  Hex/Necr       30%        N/A       1%          4
 Brom's Barrelling Bould  Conj/Erth      73%        2d9       1%          4
 Flame Wave               Conj/Fire      80%        2d17      1%          4
 Iskenderun's Mystic Bla  Conj/Tloc      76%        2d15      (+2d81%     4
 Leda's Liquefaction      Alch/Erth      30%        N/A       1%          4
 Sticky Flame             Fire/Alch      69%        2d11      1%          4
 Vhi's Electric Charge    Tloc/Air       100%       N/A       1%          4
 Alistair's Intoxication  Alch           53%        N/A       1%          5
 Arcjolt                  Conj/Air       43%        1d53      1%          5
 Fireball                 Conj/Fire      40%        3d16      1%          5
 Iskenderun's Battlesphe  Conj           99%        2d15      1%          5
 Metabolic Englaciation   Hex/Ice        38%        N/A       1%          5
 Conjure Ball Lightning   Conj/Air       43%        3x3d15    1%          6
 Summon Blazeheart Golem  Fire/Summ      53%        N/A       2%          4
 Summon Mana Viper        Hex/Summ       67%        N/A       2%          5
 Fugue of the Fallen      Necr           29%        N/A       3%          3
 Passwall                 Erth           29%        N/A       3%          3
 Vampiric Draining        Necr           29%        2d8       3%          3
 Eringya's Noxious Bog    Alch           40%        4d6       3%          6
 Starburst                Conj/Fire      40%        6d11      3%          6
 Sculpt Simulacrum        Ice/Alch       38%        N/A       4%          6
 Martyr's Knell           Necr/Summ      40%        N/A       6%          4
 Maxwell's Portable Pile  Tloc           40%        2d(11-22) 6%          4
 Passage of Golubria      Tloc           40%        N/A       6%          4
 Bombard                  Conj/Erth      36%        9d6       7%          6
 Animate Dead             Necr           29%        N/A       12%         4
 Dispel Undead            Necr           29%        3d13      12%         4
 Summon Forest            Summ/Tloc      23%        N/A       13%         5
 Plasma Beam              Fire/Air       32%        2x1d45    16%         6
 Spellforged Servitor     Conj/Summ      39%        N/A       21%         7
 Borgnjor's Vile Clutch   Necr/Erth      14%        N/A       32%         5
 Curse of Agony           Necr           29%        N/A       32%         5
 Lee's Rapid Deconstruct  Erth           14%        3d9*      32%         5
 Permafrost Eruption      Ice/Erth       28%        2x4d9     34%         6
 Ozocubu's Refrigeration  Ice            36%        4d15      36%         7
 Summon Cactus Giant      Summ           25%        N/A       45%         6
 Dispersal                Tloc           20%        N/A       67%         6
 Gell's Gavotte           Tloc           20%        2d(20-30) 67%         6
 Discord                  Hex            40%        N/A       77%         8
 Death Channel            Necr           14%        N/A       87%         6
 Summon Hydra             Summ           25%        N/A       96%         7
 Maxwell's Capacitive Co  Air            36%        ∞         96%         8
 Malign Gateway           Summ/Tloc      23%        N/A       98%         7
 Haunt                    Necr/Summ      20%        N/A       99%         7
 Manifold Assault         Tloc           20%        N/A       99%         7
 Borgnjor's Revivificati  Necr           14%        N/A       100%        8
 Ignition                 Fire           28%        3d9       100%        8
 Summon Horrible Things   Summ           25%        N/A       100%        8
 Chain Lightning          Conj/Air       43%        3d58      100%        9
 Death's Door             Necr           14%        N/A       100%        9
 Fire Storm               Conj/Fire      40%        8d10      100%        9
 Polar Vortex             Ice            36%        12d4*     100%        9
 Dimensional Bullseye     Hex/Tloc       Unusable   N/A       N/A         4

Dungeon Overview and Level Annotations

Branches:
Dungeon (15/15)            Temple (1/1) D:5            Lair (5/5) D:8
 Shoals (4/4) Lair:3        Snake (4/4) Lair:2        Slime (5/5) Lair:5
    Orc (2/2) D:12            Elf (3/3) Orc:2        Vaults (4/5) D:14
  Crypt (0/3) Vaults:3     Depths (4/4) D:15            Zot (5/5) Depths:4
  Sewer (visited)          Bailey (visited)

Altars:
Ashenzari
Cheibriados
Dithmenos
Elyvilon
Fedhas
Gozag
Hepliaklqana
Kikubaaqudgha
Makhleb
Nemelex Xobeh
Okawaru
Qazlal
Ru
Sif Muna
Trog
Uskayaw
Vehumet
Wu Jian
Xom
Yredelemnul
Zin
The Shining One
Jiyva
Lugonu

Shops:
D:11 [   Orc:2 :[?   Elf:1 =::   Shoals:1 [   Vaults:1 [(   Vaults:2 (
Depths:4 *

Portals:
Hell: Depths:1 Depths:2 Depths:3 Depths:4
Abyss: Lair:5 Depths:3 Depths:4
Pandemonium: Orc:2
Ziggurat: Depths:3
Trove: D:15 (give 8 potions of haste)

Annotations:
D:9 3 runed translucent doors, exclusion: 3 doors, dcgchant's ghost, novice FoFi
D:12 1 runed translucent door, exclusion: door, TwadoKnight's ghost, journeyman MiFi
Zot:5 exclusions: obsidian statue and orange crystal statue


Innate Abilities, Weirdness & Mutations

You are a hulking beast.
Your limbs bulge with bestial killing power. (Slay +4)
You have sharp claws.
You have razor-sharp teeth.
You have supernaturally acute eyesight. (SInv)
Your thick and shaggy fur keeps you warm. (AC +3, rC+)
Your paws help you pounce on unaware monsters.
You are incapable of wielding weapons or throwing items.
You cannot wear armour.
You gain extra lives every three experience levels.
You are partially covered in iridescent scales. (AC +2)
You possess an exceptional clarity of mind.
You are resistant to electric shocks. (rElec)


Message History

You are engulfed in excruciating misery.
The sun demon attacks as it pursues you!
The sun demon completely misses you.
Your magical contamination has completely faded away.
The sun demon attacks as it pursues you!
The sun demon completely misses you.
A reaper comes into view. It is wielding a +0 scythe of flaming.
Mefuikhlol gestures at you. You resist with almost no effort.
Mefuikhlol gestures at you. The bolt of cold misses you.
Mefuikhlol gestures at you.
The howling sorrow hits the sun demon.
The sun demon completely resists.
The howling sorrow hits you.
You are engulfed in excruciating misery.
Mefuikhlol gestures at you.
The howling sorrow hits the sun demon.
The sun demon completely resists.
The howling sorrow hits you.
You are engulfed in excruciating misery.
A blizzard demon comes into view.
The blizzard demon moves out of view.
There is a staircase back to the Dungeon, spattered with blood here.
The blizzard demon gestures at you. The bolt of lightning hits you. You resist.
You climb upwards.
Welcome back to the Dungeon!
There is a staircase to the Depths here.
There is an open door here.
There is an open door here.
Things that are here:
a +0 ring mail; a +0 longbow; a tengu skeleton Your extra speed is starting to run out.
A Tzitzimitl comes into view.
Casting: Ignite Poison (mildly dangerous; 1% risk of failure)
Confirm with . or Enter, or press ? or * to list all spells.
Aiming: Orb of Destruction (dangerous; 1% risk of failure)
Press: ? - help, Shift-Dir - straight line, f - Tzitzimitl
Aim: a Tzitzimitl The wavering orb of destruction hits the Tzitzimitl!!!
The Tzitzimitl is heavily wounded.
Casting: Orb of Destruction (dangerous; 1% risk of failure)
Confirm with . or Enter, or press ? or * to list all spells.
Aiming: Orb of Destruction (dangerous; 1% risk of failure)
Press: ? - help, Shift-Dir - straight line, f/p - Tzitzimitl
Aim: a Tzitzimitl (heavily wounded)
The wavering orb of destruction hits the Tzitzimitl!!
The Tzitzimitl is severely wounded.
Casting: Orb of Destruction (dangerous; 1% risk of failure)
Confirm with . or Enter, or press ? or * to list all spells.
Aiming: Orb of Destruction (dangerous; 1% risk of failure)
Press: ? - help, Shift-Dir - straight line, f/p - Tzitzimitl
Aim: a Tzitzimitl (magical condensation, severely wounded)
Casting: Orb of Destruction (dangerous; 1% risk of failure)
Confirm with . or Enter, or press ? or * to list all spells.
You erupt in a fountain of uncontrolled magic!
The Tzitzimitl is blasted with magical radiation!!!
You kill the Tzitzimitl!
Sif Muna accepts your kill.
You are very lightly contaminated with residual magic.
You feel yourself slow down.
Your orb of destruction hits a rock wall.
There is a stone staircase leading up here.
You climb upwards.
There is a stone staircase leading down here.
Magic restored.
You feel less invigorated.
Your magical contamination has completely faded away.
You see here a +0 halberd.
HP restored.
There is an escape hatch in the floor here.
You see here a +0 halberd of protection.
There is a stone staircase leading up, spattered with blood here.
You climb upwards.
There is a stone staircase leading down here.
There is a stone staircase leading up here.
You climb upwards.
Level annotation: 1 runed translucent door, exclusion: door, TwadoKnight's ghost, journeyman MiFi
There is a stone staircase leading down here.
An Ice Fiend comes into view.
There is an open door here.
A cherub comes into view.
It is wielding a +4 long sword of flaming.
The cherub's human head shouts!
The cherub moves out of view.
The cherub completely misses you. The cherub closely misses you.
There is an open door here.
The cherub completely misses you. x2
The cherub unwields a +4 long sword of flaming.
It stops flaming.
The cherub wields a +2 longbow of freezing.
It is covered in frost.
The cherub shoots an arrow.
The arrow completely misses you.
There is a stone staircase leading up here.
You climb upwards.
There is a stone staircase leading down here.
There is a stone staircase leading up here.
You climb upwards.
There is a stone staircase leading down here.
There is an escape hatch in the ceiling here.
A mysterious force pulls you upwards. The hatch slams shut behind you.
Level annotation: 3 runed translucent doors, exclusion: 3 doors, dcgchant's ghost, novice FoFi A green death comes into view.
There is an escape hatch in the ceiling here.
A mysterious force pulls you upwards. The hatch slams shut behind you.
A hellwing comes into view.
The hellwing gives a chilling moan.
An Orb Guardian comes into view.
The hellwing swoops through the air toward you!
The hellwing hits you! The hellwing barely misses you.
The hellwing closely misses you. The hellwing hits you.
There is an open door here.
The Orb Guardian attacks as it pursues you!
The Orb Guardian completely misses you.
There is a stone staircase leading up here.
The Orb Guardian hits you but does no damage.
The Orb Guardian completely misses you.
You climb upwards.
There is a stone staircase leading down here.
Casting: Irradiate (safe; 1% risk of failure)
Confirm with . or Enter, or press ? or * to list all spells.
You erupt in a fountain of uncontrolled magic!
The Orb Guardian is blasted with magical radiation!!!
The Orb Guardian is severely wounded.
You are very lightly contaminated with residual magic.
The Orb Guardian hits you but does no damage.
Casting: Irradiate (safe; 1% risk of failure)
Confirm with . or Enter, or press ? or * to list all spells.
You erupt in a fountain of uncontrolled magic!
The Orb Guardian is blasted with magical radiation!!!
You kill the Orb Guardian!
Sif Muna accepts your kill.
There is a stone staircase leading up here.
HP restored.
You climb upwards.
There is a stone staircase leading down here.
Things that are here:
a +0 hand axe; a +0 club; an orc skeleton
Things that are here:
a +0 spear; a gnoll skeleton
Things that are here:
a +0 halberd; a gnoll skeleton
Things that are here:
a +0 flail; a gnoll skeleton
There is a stone staircase leading up here.
You climb upwards.
There is a stone staircase leading down here.
Magic restored.
Your magical contamination has completely faded away.
There is a stone staircase leading up here.
You climb upwards.
There is a stone staircase leading down here.
There is an escape hatch in the ceiling here.
A mysterious force pulls you upwards. The hatch slams shut behind you.
A reaper comes into view. It is wielding a +6 vampiric scythe.
There is a stone staircase leading up, spattered with blood here.
You climb upwards.
There is a stone staircase leading down here.
You see here a hound skeleton.
An Orb Guardian comes into view.
The Orb Guardian moves out of view.
There is a stone staircase leading up here.
You climb upwards.
There is a stone staircase leading down here.
A chaos spawn comes into view.
Casting: Irradiate (safe; 1% risk of failure)
Confirm with . or Enter, or press ? or * to list all spells.
Aiming: Orb of Destruction (dangerous; 1% risk of failure)
Press: ? - help, Shift-Dir - straight line, f - chaos spawn
Aim: a chaos spawn Your orb of destruction hits a rock wall.
Casting: Orb of Destruction (dangerous; 1% risk of failure)
Confirm with . or Enter, or press ? or * to list all spells.
Aiming: Orb of Destruction (dangerous; 1% risk of failure)
Press: ? - help, Shift-Dir - straight line, f/p - chaos spawn
Aim: a chaos spawn Your orb of destruction hits a rock wall. 2 hell hounds come into view.
The hell hound barks!
A hell hound comes into view.
The hell hound breathes flames at you. The blast of flame misses you.
The hell hound attacks as it pursues you!
The hell hound closely misses you. The hell hound breathes flames at you.
The blast of flame misses you.
The hell hound attacks as it pursues you!
The hell hound completely misses you. The hell hound breathes flames at you.
The blast of flame misses the hell hound.
The blast of flame hits you. You resist.
A hellwing comes into view.
A hellwing comes into view.
The hellwing gives a chilling moan.
The hell hound attacks as it pursues you!
The hell hound completely misses you. The hell hound closely misses you.
You feel yourself speed up.
The hell hound completely misses you. x2
A hellwing comes into view.
Blink to where?
Press: ? - help, Dir - move target, p - chaos spawn
As you read the scroll of blinking, it crumbles to dust.
There is a staircase leading out of the dungeon here.
Magic courses through your body.
You have escaped!

########.................#
#......>....###...########
#........#######..####
#........####........##
#..........##.##.###..#
#..[..#######.#######.#
#.....#.....#.......#.####
#######.###.#.#####.#.....
#.#h#.#.#.....#####.
#.#...#.#.#####.....
#.#####.#.#...#.....
#......÷#.#.#.#.....
#########.#.#.#.#.....
#.........#.#.#.#....#
#.#######4#.#.#.#..###
#.#.....4.#.#.#.#.##
#.#####.#4#.#.#.#)####


There were no monsters in sight!

Vanquished Creatures
  2 dread liches (Zot:5)
  5 orbs of fire
  3 ancient liches
  A juggernaut (Depths:4)
  3 curse toes
  Bai Suzhen (Shoals:4)
  8 Killer Klowns (Zot:5)
  Nikola (Snake:3)
  11 golden dragons
  2 bone dragons (Depths:4)
  2 electric golems (Zot:5)
  A Tzitzimitl (D:15)
  9 tentacled monstrosities
  A titan (Shoals:1)
  A lich (Depths:3)
  2 deep elf blademasters (Elf:3)
  An acid blob (shapeshifter) (Depths:3)
  3 deep elf master archers
  3 krakens (Shoals:3)
  6 quicksilver dragons
  26 acid blobs
  26 Orb Guardians
  6 sphinxes
  2 ancient champions
  16 storm dragons
  Polyphemus (Shoals:4)
  4 shadow dragons
  7 death cobs
  Agnes (Elf:2)
  2 tengu reavers
  Donald (Snake:4)
  Aizul (Snake:3)
  Roxanne (D:15)
  10 draconian monks
  8 frost giants
  19 rockslimes
  10 azure jellies
  2 protean progenitors (Zot:4)
  3 fire giants
  6 nagarajas
  An iron dragon (Depths:3)
  2 balrugs
  8 draconian shifters
  7 deep elf sorcerers
  8 vault wardens
  5 draconian knights
  2 ghost moths
  Louise (Snake:1)
  6 draconian scorchers
  6 draconian stormcallers
  3 orc warlords
  7 draconian annihilators
  A juggernaut zombie (Depths:1)
  8 deep elf elementalists
  A reaper (Zot:3)
  4 spriggan defenders
  A fenstrider witch (shapeshifter) (Depths:3)
  2 broodmothers (Zot:4)
  20 ironbound preservers
  9 quicksilver oozes
  9 formless jellyfish
  8 ironbound thunderhulks
  7 deep elf demonologists (Elf:3)
  11 stone giants
  20 very ugly things
  2 vampire knights
  Nessos (Orc:2)
  8 deep elf death magi (Elf:3)
  5 green draconians
  16 yellow draconians
  10 purple draconians
  10 red draconians
  2 eleionomae (Shoals:1)
  10 black draconians
  12 deep elf annihilators
  14 white draconians
  Azrael (D:14)
  2 war gargoyles
  A broodmother (shapeshifter) (Depths:3)
  7 spark wasps
  6 ettins
  5 merfolk javelineers
  4 blizzard demons (Depths:3)
  A crystal guardian (Vaults:1)
  10 fire dragons
  13 yaktaur captains
  5 merfolk impalers (Shoals:4)
  Josephine (D:15)
  3 vault guards
  3 deep elf high priests (Elf:3)
  An entropy weaver (D:14)
  9 salamander tyrants
  5 great orbs of eyes
  A spriggan zombie (Depths:1)
  3 spriggan skeletons
  3 ice dragons
  2 spriggan air magi (Depths:3)
  A peacekeeper (Vaults:1)
  3 rakshasas (Depths:1)
  An anaconda (shapeshifter) (Depths:3)
  7 anacondas
  3 ogre magi
  2 demonspawn (Orc:2)
  Erica (D:10)
  12 hydras
  An alligator snapping turtle (Shoals:1)
  2 merfolk avatars
  3 deep troll shamans
  23 centaur warriors
  4 juggernaut simulacra (Depths:3)
  A hell beast (Depths:1)
  9 ironbound frosthearts
  A merfolk aquamancer (Shoals:4)
  3 two-headed ogres
  A death knight (D:15)
  36 dancing weapons
  6 boulder beetles
  2 catoblepae
  8 death yaks
  A torpor snail (shapeshifter) (Depths:3)
  5 satyrs
  6 tengu warriors
  2 thrashing horrors (Lair:5)
  7 deep troll earth magi
  A sphinx skeleton (Depths:1)
  8 orc high priests
  4 spriggan berserkers
  3 occultists
  9 naga warriors
  7 shock serpents
  A soul eater (Orc:2)
  6 hell knights
  A sun demon (Zot:1)
  13 naga sharpshooters
  15 deep elf knights
  An iron troll (Depths:2)
  4 skysharks
  A titan skeleton (Depths:1)
  4 glowing orange brains
  8 sea snakes
  3 salamander mystics
  10 skeletal warriors
  Lodul (D:10)
  3 mana vipers
  3 naga ritualists
  A glowing orange brain (shapeshifter) (Vaults:4)
  3 flayed ghosts
  A spriggan simulacrum (Depths:2)
  An orange crystal statue (Zot:5)
  An orb spider (shapeshifter) (Depths:3)
  2 sun moths (Depths:3)
  76 deep trolls
  7 arcanists
  An elf zombie (Vaults:2)
  19 deep elf archers
  19 lindwurms
  2 obsidian bats
  11 ironbound convokers
  A phantasmal warrior (Vaults:1)
  6 necromancers
  12 orc knights
  15 harpies
  9 shining eyes
  A thermic dynamo (Elf:2)
  28 deep elf pyromancers
  28 deep elf zephyrmancers
  36 ugly things
  22 fauns
  10 orc sorcerers
  10 manticores
  6 oklob plants
  A stone giant zombie (Depths:1)
  3 frost giant zombies (Depths:1)
  7 cyclopes
  A fire giant skeleton (Vaults:2)
  23 moths of wrath
  3 meliai
  10 salamanders
  5 centaur zombies (D:14)
  4 guardian serpents
  13 vault sentinels
  2 kobold blastminers
  An ice statue (Zot:2)
  8 merfolk sirens
  9 elephants
  16 naga magi
  7 water nymphs
  A gargoyle (D:11)
  2 eyes of devastation (Slime:5)
  20 black mambas
  A torpor snail (Lair:5)
  A large abomination (Lair:5)
  Jeremiah (D:7)
  11 cane toads
  2 unseen horrors (D:12)
  A redback zombie (D:14)
  3 rime drakes
  5 kobold demonologists
  An efreet (D:14)
  47 yaktaurs
  10 komodo dragons
  A rime drake (shapeshifter) (Elf:2)
  A red devil (Orc:2)
  6 tengu conjurers
  A hellwing (Orc:2)
  16 merfolk
  9 trolls
  A yaktaur skeleton (Vaults:2)
  A queen bee (shapeshifter) (Lair:5)
  8 harpy zombies (Shoals:4)
  2 tyrant leeches (Zot:4)
  11 wind drakes
  A polar bear (Lair:4)
  Grinder (D:3)
  4 hornets
  7 glass eyes
  21 dream sheep
  4 raiju (Lair:5)
  17 blink frogs
  A meliai zombie (D:14)
  7 snapping turtles
  A frost giant simulacrum (Vaults:2)
  3 shadows
  A jumping spider (shapeshifter) (Depths:3)
  A centaur simulacrum (D:14)
  2 culicivoras (shapeshifter)
  84 slime creatures
  An ettin skeleton (Vaults:2)
  2 air elementals (Elf:2)
  9 wraiths
  4 spriggans
  3 wyverns
  8 water elementals
  A ynoxinul (Lair:5)
  14 small abominations (Lair:5)
  5 fire elementals
  2 vampires
  12 basilisks
  45 yaks
  4 wargs
  10 golden eyes
  A steam dragon (D:9)
  3 chaos spawn (Lair:5)
  A swamp worm (shapeshifter) (Elf:2)
  An acid dragon (D:10)
  42 nagas
  4 hell hounds (D:14)
  9 water moccasins
  A sky beast (D:7)
  44 orc warriors
  2 black bears (D:8)
  12 ogres
  3 laughing skulls
  An ogre (shapeshifter) (Lair:5)
  12 wolves
  11 centaurs
  8 kobold brigands
  10 bullfrogs
  A gnoll sergeant (D:6)
  2 scorpions
  2 earth elementals
  3 wights (D:8)
  4 killer bees (D:9)
  9 howler monkeys
  2 electric eels
  3 hounds
  34 jellies
  23 orc priests
  A sleepcap (D:7)
  Jessica (D:2)
  Ijyb (D:3)
  21 orc wizards
  5 hell rats (Lair:3)
  8 gnolls
  5 adders
  19 river rats (Lair:3)
  A shadow imp (D:7)
  3 white imps
  3 dart slugs
  2 ribbon worms
  95 orcs
  8 ball pythons
  3 bats
  8 endoplasms
  5 giant cockroaches
  24 goblins
  8 hobgoblins
  4 jackals (D:1)
  15 quokkas
  5 frilled lizards
  35 kobolds
  18 rats
  A butterfly (D:10)
  13 fulminant prisms
  10 tentacles (Shoals:3)
2257 creatures vanquished.

Vanquished Creatures (collateral kills)
  An orc knight (D:15)
  2 slime creatures (D:15)
  A warg (D:15)
  Eustachio (D:6)
  A water moccasin (D:8)
  A bullfrog (D:7)
  A hound (D:2)
  Terence (D:2)
  A gnoll (Bailey)
  An adder (D:4)
  A dart slug (D:1)
  An orc (D:3)
  A giant cockroach (D:4)
  3 goblins
  A hobgoblin (Bailey)
  3 kobolds (Sewer)
  2 quokkas
  A ball python (D:3)
24 creatures vanquished.

Vanquished Creatures (others)
  A slime creature (D:15)
  A howler monkey (D:11)
  An orc priest (Orc:2)
  A butterfly (D:8)
  620 fulminant prisms
  22 tentacles (Shoals:3)
646 creatures vanquished.

Grand Total: 2927 creatures vanquished

Notes
Turn   | Place    | Note
-------+----------+-------------------------------------------
     0 | D:1      | TheMeInTeam the Felid Hedge Wizard began the quest for the
                  | Orb.
     0 | D:1      | Reached XP level 1. HP: 9/9 MP: 5/5
    71 | D:1      | Reached skill level 1 in Conjurations
   442 | D:1      | Reached XP level 2. HP: 12/14 MP: 1/7
   468 | D:1      | Learned a level 2 spell: Call Imp
   585 | D:1      | Learned a level 2 spell: Blink
  1050 | D:1      | Reached skill level 1 in Fighting
  1050 | D:1      | Reached XP level 3. HP: 18/18 MP: 5/8
  1554 | D:2      | Noticed Terence
  1745 | D:1      | Learned a level 3 spell: Mephitic Cloud
  1851 | D:2      | Killed Terence
  1852 | D:2      | Reached XP level 4. HP: 22/22 MP: 1/10
  1852 | D:2      | Gained a life (2 lives remaining)
  2502 | D:2      | Noticed Jessica
  2533 | D:2      | Killed Jessica
  2929 | D:3      | Noticed Grinder
  3158 | D:3      | Noticed Ijyb
  3200 | D:2      | Reached XP level 5. HP: 15/26 MP: 0/11
  3388 | D:3      | Reached skill level 1 in Air Magic
  3391 | D:3      | Slain by an orc
  3391 | D:3      | Lost a life (1 life remaining)
  3400 | D:3      | Found a faded altar of an unknown god.
  4016 | D:3      | Killed Ijyb
  4017 | D:3      | Reached skill level 1 in Alchemy
  4332 | D:4      | Found a shimmering blue altar of Sif Muna.
  4578 | D:4      | Found a glowing drain.
  4584 | Sewer    | Entered a sewer
  4980 | Sewer    | Gained mutation: You are covered in thick fur. (AC +2)
                  | [Felid growth]
  4980 | Sewer    | Reached XP level 6. HP: 18/30 MP: 2/12
  5095 | Sewer    | Reached skill level 1 in Evocations
  5206 | Sewer    | Reached XP level 7. HP: 28/35 MP: 1/13
  5206 | Sewer    | Gained a life (2 lives remaining)
  5696 | D:5      | Entered Level 5 of the Dungeon
  5704 | D:4      | Reached skill level 1 in Unarmed Combat
  6376 | D:5      | Found a staircase to the Ecumenical Temple.
  6451 | Temple   | Entered the Ecumenical Temple
  6527 | D:4      | Became a worshipper of Sif Muna the Loreminder
  6874 | D:6      | Noticed Eustachio
  6887 | D:6      | Killed Eustachio
  7109 | D:6      | Reached skill level 1 in Invocations
  7228 | D:6      | Reached XP level 8. HP: 40/40 MP: 9/15
  8245 | D:6      | Learned a level 1 spell: Slow
  8392 | D:7      | Noticed Jeremiah
  8490 | D:7      | Reached skill level 1 in Hexes
  8551 | D:7      | Found Zin's Purification Station.
  8552 | D:7      | Found a glowing silver altar of Zin.
  8646 | D:7      | Bought a potion of curing for 90 gold pieces
  8742 | D:7      | Reached skill level 5 in Conjurations
  8989 | D:7      | Killed Jeremiah
  8990 | D:7      | Reached XP level 9. HP: 45/45 MP: 4/17
  9137 | D:7      | Reached * piety under Sif Muna
  9499 | D:8      | Found a hazy altar of Hepliaklqana.
  9647 | D:8      | Found a flagged portal.
  9688 | Bailey   | Entered a bailey
  9718 | Bailey   | Reached skill level 5 in Spellcasting
 10642 | Bailey   | Reached ** piety under Sif Muna
 11076 | Bailey   | Noticed an orc warlord
 11352 | Bailey   | Got Sif Muna's Almanac of Movement and the Volley
 11694 | D:8      | Found a staircase to the Lair.
 11694 | D:8      | Noticed a death yak
 11694 | D:8      | Noticed an elephant
 12301 | D:8      | Killed an elephant
 12302 | D:8      | Reached skill level 5 in Hexes
 12599 | D:8      | Found a white marble altar of Elyvilon.
 12668 | D:8      | Reached skill level 5 in Fighting
 12668 | D:8      | Reached XP level 10. HP: 51/51 MP: 11/19
 12669 | D:8      | Reached skill level 5 in Invocations
 12669 | D:8      | Reached XP level 11. HP: 58/58 MP: 11/22
 12674 | D:8      | Learned a level 3 spell: Dazzling Flash
 12679 | D:8      | Learned a level 4 spell: Fulminant Prism
 13447 | D:8      | Killed a death yak
 13704 | D:9      | Found a runed translucent gate.
 13705 | D:9      | Found a runed translucent gate.
 13706 | D:9      | Found a runed translucent gate.
 13707 | D:9      | Noticed dcgchant's ghost (novice FoFi)
 13710 | D:9      | Found a blossoming altar of Fedhas.
 15047 | D:9      | Found a viscous altar of Jiyva.
 15060 | D:9      | Learned a level 5 spell: Silence
 15060 | D:9      | Upgraded the game from 0.32-a0-868-g153ae1a8d6 to
                  | 0.32-a0-871-ge202e49faa
 15076 | D:10     | Entered Level 10 of the Dungeon
 15207 | D:10     | Noticed Lodul
 15240 | D:10     | Killed Lodul
 15557 | D:10     | Noticed Erica
 15774 | D:10     | Killed Erica
 16202 | D:10     | Found a shimmering altar of Xom.
 16276 | D:10     | Reached *** piety under Sif Muna
 16442 | D:10     | Reached skill level 10 in Hexes
 17573 | D:10     | Found a radiant altar of Vehumet.
 17990 | Lair:1   | Entered Level 1 of the Lair of Beasts
 18137 | Lair:1   | Gained mutation: Your thick and shaggy fur keeps you warm.
                  | (AC +3, rC+) [Felid growth]
 18137 | Lair:1   | Reached XP level 12. HP: 64/64 MP: 6/25
 20112 | Lair:2   | Reached **** piety under Sif Muna
 20253 | Lair:2   | Reached skill level 5 in Air Magic
 20328 | Lair:2   | Found a staircase to the Snake Pit.
 21064 | Lair:3   | Noticed an eight-headed hydra
 21267 | Lair:3   | Reached skill level 5 in Unarmed Combat
 21288 | Lair:3   | Noticed a death yak
 21290 | Lair:3   | Noticed a death yak
 21293 | Lair:3   | Noticed a death yak
 21304 | Lair:3   | Killed a death yak
 21304 | Lair:3   | Killed a death yak
 21311 | Lair:3   | Killed a death yak
 21316 | Lair:3   | Reached XP level 13. HP: 67/70 MP: 5/26
 22174 | Lair:3   | You fall into a shaft and drop 2 floors!
 22174 | Lair:5   | Entered Level 5 of the Lair of Beasts
 23853 | Lair:3   | Found a staircase to the Shoals.
 24386 | Lair:4   | Reached ***** piety under Sif Muna
 24532 | Lair:4   | Noticed an azure jelly
 24546 | Lair:4   | Killed an azure jelly
 24547 | Lair:4   | Reached skill level 10 in Evocations
 26270 | Lair:5   | Reached skill level 10 in Fighting
 26270 | Lair:5   | Reached skill level 5 in Stealth
 27136 | Lair:5   | Reached skill level 10 in Spellcasting
 27179 | Lair:5   | Reached skill level 10 in Invocations
 27212 | Lair:5   | Reached XP level 14. HP: 43/77 MP: 29/29
 28187 | Lair:5   | Learned a level 4 spell: Olgreb's Toxic Radiance
 28435 | Lair:5   | Found a staircase to the Slime Pits.
 29407 | Lair:5   | Reached skill level 5 in Alchemy
 29720 | Lair:5   | Identified the maw talisman of Qenufan {rF+ Str+3 Slay+3}
 29909 | Lair:5   | Reached skill level 3 in Dodging
 30756 | Lair:5   | Reached skill level 4 in Dodging
 31712 | Lair:5   | Found a corrupted altar of Lugonu.
 31714 | Lair:5   | Found a one-way gate to the infinite horrors of the Abyss.
 32230 | D:3      | Killed Grinder
 32346 | D:3      | Identified the +0 leather armour "Codd" {Harm rCorr}
 32832 | D:11     | Reached skill level 5 in Dodging
 33207 | D:11     | Found Isam's Antique Armour Boutique.
 34608 | D:12     | Received a gift from Sif Muna
 34609 | D:12     | Got Sif Muna's Annotations on Virulence and Spectres {god
                  | gift}
 34616 | D:12     | Learned a level 5 spell: Irradiate
 34618 | D:12     | Identified a scroll of acquirement
 34619 | D:12     | Acquired a manual of Invocations
 34664 | D:12     | Reached skill level 6 in Dodging
 34828 | D:12     | Found a staircase to the Orcish Mines.
 35131 | D:12     | Found a runed translucent door.
 35134 | D:12     | Noticed TwadoKnight's ghost (journeyman MiFi)
 35138 | D:12     | Identified the +4 trident of Ignis's Approval {venom,
                  | *Corrode rElec rPois Dex+2}
 35752 | Orc:1    | Entered Level 1 of the Orcish Mines
 36055 | Orc:1    | Reached XP level 15. HP: 63/82 MP: 9/30
 36505 | Orc:1    | Learned a level 4 spell: Ignite Poison
 36515 | Orc:2    | Entered Level 2 of the Orcish Mines
 37083 | Orc:2    | Found a staircase to the Elven Halls.
 37163 | Orc:2    | Reached skill level 7 in Dodging
 37280 | Orc:2    | Noticed Nessos
 37526 | Orc:2    | Killed Nessos
 38152 | Orc:2    | Received a gift from Sif Muna
 38401 | Orc:2    | Found Itetiog's Magic Scroll Shop.
 38691 | Orc:2    | Found Zaturgh's Distillery.
 38812 | Orc:2    | Bought a scroll of silence for 104 gold pieces
 38812 | Orc:2    | Bought a scroll of vulnerability for 44 gold pieces
 38812 | Orc:2    | Bought a scroll of immolation for 44 gold pieces
 38812 | Orc:2    | Bought a scroll of teleportation for 33 gold pieces
 38812 | Orc:2    | Bought a scroll of identify for 22 gold pieces
 38812 | Orc:2    | Bought a scroll of identify for 22 gold pieces
 38812 | Orc:2    | Bought a scroll of immolation for 44 gold pieces
 38812 | Orc:2    | Bought a scroll of revelation for 82 gold pieces
 38814 | Orc:2    | Bought a potion of heal wounds for 65 gold pieces
 38814 | Orc:2    | Bought a potion of might for 52 gold pieces
 38814 | Orc:2    | Bought a potion of haste for 130 gold pieces
 39937 | Orc:2    | Reached skill level 8 in Dodging
 40206 | Orc:2    | Found Dewuhyaf's Antique Armour Emporium.
 40206 | Orc:2    | Found Bennasot's Book Shoppe.
 40207 | Orc:2    | Found a one-way gate leading to the halls of Pandemonium.
 40211 | Orc:2    | Bought Great Wizards, Vol. VII for 510 gold pieces
 40211 | Orc:2    | Bought a Trismegistus Codex for 476 gold pieces
 42637 | D:14     | Noticed Azrael
 43162 | D:14     | Found a glowing silver altar of Zin.
 43251 | D:14     | Found a gate to the Vaults.
 43483 | D:14     | Killed Azrael
 43484 | D:14     | Reached skill level 9 in Dodging
 44210 | D:14     | Reached XP level 16. HP: 42/88 MP: 5/32
 44387 | D:14     | Reached skill level 1 in Fire Magic
 44522 | D:15     | Entered Level 15 of the Dungeon
 44711 | D:15     | Noticed Roxanne
 45164 | D:15     | Reached skill level 1 in Ice Magic
 45258 | D:15     | Found a portal to a secret trove of treasure.
 45801 | D:15     | Noticed Josephine
 45948 | D:15     | Killed Josephine
 46385 | D:15     | Found a staircase to the Depths.
 46726 | D:15     | Killed Roxanne
 47077 | Lair:2   | Learned a level 5 spell: Yara's Violent Unravelling
 47079 | Snake:1  | Entered Level 1 of the Snake Pit
 48555 | Snake:1  | Noticed Louise
 48572 | Snake:1  | Killed Louise
 49381 | Snake:2  | Reached skill level 10 in Dodging
 51019 | Snake:2  | You fall into a shaft and drop 1 floor!
 51192 | Snake:3  | Reached skill level 15 in Invocations
 51585 | Snake:3  | Identified the serpent talisman of the Garden {rCorr Str+8
                  | Int-4 Dex+4}
 51585 | Snake:3  | Noticed Aizul
 51628 | Snake:3  | Slain by Aizul
 51628 | Snake:3  | Lost a life (1 life remaining)
 51884 | Snake:3  | Reached skill level 10 in Conjurations
 51987 | Snake:3  | Noticed Nikola
 51994 | Snake:3  | Reached XP level 17. HP: 54/94 MP: 18/33
 51994 | Snake:3  | Gained a life (2 lives remaining)
 52016 | Snake:3  | Killed Nikola
 52241 | Snake:3  | Killed Aizul
 52812 | Snake:3  | Learned a level 5 spell: Freezing Cloud
 53217 | Snake:3  | Acquired 1146 gold pieces
 53365 | Shoals:1 | Entered Level 1 of the Shoals
 53895 | Shoals:1 | Noticed a titan
 53939 | Shoals:1 | Found Kaviol's Armour Shop.
 54673 | Shoals:1 | Reached skill level 11 in Dodging
 55473 | Shoals:1 | Got the Catalogue of Fate
 55579 | Shoals:1 | Acquired the ring of Mypraoj {*Slow +Blink rF+++ Int+2
                  | Dex+6}
 55889 | Shoals:1 | Killed a titan
 57779 | Shoals:3 | Noticed a kraken
 57783 | Shoals:3 | Noticed a kraken
 58087 | Shoals:3 | Noticed a kraken
 58953 | Shoals:3 | Killed a kraken
 59272 | Shoals:3 | Killed a kraken
 59577 | Shoals:3 | Reached skill level 5 in Ice Magic
 60232 | Shoals:4 | Entered Level 4 of the Shoals
 61272 | Shoals:4 | Noticed Polyphemus
 61374 | Shoals:4 | Killed Polyphemus
 61502 | Shoals:4 | Reached skill level 12 in Dodging
 61996 | Shoals:4 | Identified the scarf "Tuupudau" {harm, Will+ Dex+3}
 62118 | Shoals:4 | Noticed Bai Suzhen
 62132 | Shoals:4 | Killed Bai Suzhen
 62356 | Shoals:4 | Reached XP level 18. HP: 81/100 MP: 9/35
 63532 | Shoals:4 | Got a barnacled rune of Zot
 65122 | Snake:4  | Entered Level 4 of the Snake Pit
 65282 | Snake:4  | Reached skill level 10 in Alchemy
 66006 | Snake:4  | Noticed Donald
 66026 | Snake:4  | Killed Donald
 67491 | Snake:4  | Reached skill level 13 in Dodging
 68339 | Snake:4  | Got a serpentine rune of Zot
 68813 | Orc:2    | Bought a potion of mutation for 104 gold pieces
 68813 | Orc:2    | Bought a potion of resistance for 130 gold pieces
 68813 | Orc:2    | Bought a potion of lignification for 39 gold pieces
 68813 | Orc:2    | Bought a potion of brilliance for 52 gold pieces
 68857 | Elf:1    | Entered Level 1 of the Elven Halls
 69870 | Elf:1    | Found Boqisosu's Jewellery Shoppe.
 69870 | Elf:1    | Found Boff's Book Shop.
 69871 | Elf:1    | Found Gonkaz's Book Shop.
 72031 | Elf:2    | Noticed Agnes
 72040 | Elf:2    | Killed Agnes
 72299 | Elf:2    | Found a runed translucent gate.
 72299 | Elf:2    | Found a runed translucent gate.
 72299 | Elf:2    | Found a runed translucent gate.
 72622 | Elf:2    | Reached XP level 19. HP: 107/107 MP: 21/37
 72950 | Elf:2    | Reached skill level 14 in Dodging
 74149 | Elf:3    | Entered Level 3 of the Elven Halls
 74359 | Elf:3    | Received a gift from Sif Muna
 74360 | Elf:3    | Got Sif Muna's Folio of Austromancy and Hoarfrost {god
                  | gift}
 74727 | Elf:3    | Identified the ring of Sin {+Blink rF- rC+++ Str+6 Int-5}
 74882 | Elf:3    | Identified the ring "Launnare" {Wiz rN+ Slay+2}
 75807 | Elf:3    | Identified the +1 shortbow "Qenk" {elec, Int+3 SInv}
 75808 | Elf:3    | Identified the beast talisman of Failure {rPois}
 75949 | Elf:3    | Identified the +7 short sword of Etoote {venom, Int+2}
 76795 | Elf:3    | Reached skill level 15 in Fighting
 76834 | Elf:3    | Reached skill level 15 in Dodging
 77142 | Elf:3    | Identified the +4 great mace of Death {drain, Stlth+}
 77626 | Elf:3    | Identified the +4 war axe of the Queen {freeze, +Blink}
 78105 | Elf:3    | Identified the +8 rapier of Pawoawn {speed, Will+ Dex+2}
 78383 | Elf:3    | Identified the +5 battleaxe of Axzow {distort, rF+ Will+
                  | Str+2}
 78647 | Elf:3    | Got Sif Muna's Spellbook of Gelid Production
 78649 | Elf:3    | Got the Tome of the Wayfarer and the Faeries
 78651 | Elf:3    | Got Sif Muna's Secrets of the Promethean Welkin
 78681 | Elf:3    | Got Wufrivawn's Collected Works on Displacement
 78720 | Elf:3    | Found the +6 shillelagh "Devastator" {shatter}
 79224 | Elf:3    | Learned a level 1 spell: Apportation
 79224 | Elf:3    | Identified the staff of the Grinning Gods {rN+ Will+ Str+2
                  | Stlth- Necro Alchemy}
 79326 | Elf:1    | Bought a book of the Spheres for 1088 gold pieces
 79473 | Vaults:1 | Entered Level 1 of the Vaults
 79530 | Vaults:1 | Reached XP level 20. HP: 113/113 MP: 20/39
 80910 | Vaults:1 | Reached skill level 16 in Dodging
 82016 | Vaults:1 | Found Deaja's Weapon Boutique.
 82499 | Vaults:1 | Found Baosidiw's Antique Armour Shop.
 82944 | Vaults:2 | Received a gift from Sif Muna
 82952 | Vaults:2 | Got Sif Muna's Teachings on the Intense Vector {god gift}
 84321 | Vaults:2 | Found Ukecuthoemo's Weapon Boutique.
 85206 | Vaults:2 | Reached skill level 17 in Dodging
 85469 | Vaults:2 | Reached skill level 15 in Spellcasting
 86318 | Vaults:2 | Learned a level 7 spell: Orb of Destruction
 86323 | Vaults:2 | Learned a level 3 spell: Confusing Touch
 86876 | Vaults:2 | Paralysed by a formless jellyfish for 1 turns
 86966 | Vaults:2 | Reached XP level 21. HP: 96/120 MP: 26/41
 88021 | Vaults:3 | Received a gift from Sif Muna
 88118 | Vaults:3 | Found a flickering gateway to a bazaar.
 88259 | Bazaar   | Entered a bazaar
 88273 | Bazaar   | Found Cacheech's Weapon Shoppe.
 88273 | Bazaar   | Found Wuraprat's Distillery.
 88277 | Bazaar   | Bought a potion of curing for 39 gold pieces
 88277 | Bazaar   | Bought a potion of curing for 39 gold pieces
 88277 | Bazaar   | Bought a potion of haste for 130 gold pieces
 88277 | Bazaar   | Bought a potion of cancellation for 104 gold pieces
 88277 | Bazaar   | Bought a potion of curing for 39 gold pieces
 88277 | Bazaar   | Bought a potion of curing for 39 gold pieces
 88277 | Bazaar   | Bought a potion of enlightenment for 65 gold pieces
 88277 | Bazaar   | Bought 2 potions of curing for 78 gold pieces
 88277 | Bazaar   | Bought a potion of curing for 39 gold pieces
 88294 | Bazaar   | Found Datoen's Weapon Shoppe.
 88310 | Bazaar   | Found Kydex's Assorted Antiques.
 88315 | Bazaar   | Bought a scroll of teleportation for 93 gold pieces
 88315 | Bazaar   | Bought a scroll of immolation for 124 gold pieces
 88315 | Bazaar   | Bought a scroll of fear for 124 gold pieces
 88315 | Bazaar   | Bought a wand of charming (3) for 223 gold pieces
 88315 | Bazaar   | Bought a scroll of amnesia for 124 gold pieces
 88976 | Vaults:3 | Reached skill level 18 in Dodging
 89329 | Vaults:3 | Found a staircase to the Crypt.
 93815 | Depths:1 | Entered Level 1 of the Depths
 94587 | Depths:1 | Reached XP level 22. HP: 109/127 MP: 17/43
 94803 | Depths:1 | Reached skill level 19 in Dodging
 95626 | Depths:1 | HP: 4/127 [white very ugly thing (14)]
 96685 | Depths:1 | Found a gateway to Hell.
 97541 | Depths:1 | Received a gift from Sif Muna
 98703 | Depths:2 | Reached skill level 20 in Dodging
100202 | Depths:2 | Reached skill level 15 in Conjurations
100258 | Depths:2 | Identified the +3 ring mail of Birdsong {Harm rElec Int+2
                  | Stlth+}
101004 | Depths:2 | Found a viscous altar of Jiyva.
101039 | Depths:2 | You fall into a shaft and drop 1 floor!
101055 | Depths:3 | Noticed an ancient lich
101842 | Depths:3 | Killed an ancient lich
102663 | Depths:3 | Identified the staff "Qexkaenn" {rF+ rC+ Will+ Fire}
103063 | Depths:3 | Reached skill level 21 in Dodging
103255 | Depths:3 | Received a gift from Sif Muna
103256 | Depths:3 | Got Sif Muna's Disquisition on the Volatile Rebis {god
                  | gift}
103422 | Depths:3 | Got the Treatise on the Iced Pyre
103469 | Depths:3 | Reached XP level 23. HP: 121/134 MP: 13/44
103592 | Depths:3 | Identified the staff "Hell-Harrower" {rF+ Str+4 Fire}
103600 | Depths:3 | Identified the staff of Discord {rN+++ Int-4 Dex-4 SInv
                  | Earth}
104674 | Depths:3 | Found a one-way gateway to a ziggurat.
104915 | Depths:4 | Entered Level 4 of the Depths
105463 | Depths:4 | Noticed a juggernaut
105467 | Depths:4 | Reached skill level 1 in Shapeshifting
105470 | Depths:4 | Killed a juggernaut
107362 | Depths:4 | Found a gate to the Realm of Zot.
107430 | Depths:4 | Found Big Baal Hell's Store.
107980 | Slime:1  | Entered Level 1 of the Pits of Slime
108779 | Slime:3  | Reached skill level 22 in Dodging
110089 | Slime:3  | Found a viscous altar of Jiyva.
110796 | Slime:4  | Reached skill level 5 in Shapeshifting
111069 | Slime:4  | Paralysed by a formless jellyfish for 1 turns
111432 | Slime:5  | Entered Level 5 of the Pits of Slime
112059 | Slime:5  | Noticed the Royal Jelly
112063 | Slime:5  | Received a gift from Sif Muna
112065 | Slime:5  | Got Sif Muna's Vellum of the Ossuary and Frostbite {god
                  | gift}
112077 | Slime:5  | the Royal Jelly changed into a rockslime shaped Royal Jelly
112077 | Slime:5  | Noticed a rockslime shaped Royal Jelly
112096 | Slime:5  | Gained mutation: Your spells are a little easier to cast,
                  | but a little less powerful. [a shining eye]
112107 | Slime:5  | Gained mutation: You are weak. (Str -2) [a shining eye]
113624 | Slime:5  | Killed a rockslime shaped Royal Jelly
113872 | Slime:5  | Gained mutation: You sometimes lose your temper in combat.
                  | [a shining eye]
114003 | Slime:5  | Identified the ring "Daob" {rF++ AC+4}
114062 | Slime:5  | Got a slimy rune of Zot
114135 | Slime:5  | Gained mutation: You have very sharp fingernails. [a
                  | shining eye]
114416 | Slime:5  | Identified the amulet "Bozu" {Reflect rPois MP+9 SH+5}
114452 | Slime:5  | Lost mutation: You sometimes lose your temper in combat.
                  | [potion of mutation]
114452 | Slime:5  | Lost mutation: Your spells are a little easier to cast, but
                  | a little less powerful. [potion of mutation]
114452 | Slime:5  | Lost mutation: You are weak. (Str -2) [potion of mutation]
114452 | Slime:5  | Gained mutation: You have an increased reservoir of magic.
                  | (+10% MP) [potion of mutation]
114452 | Slime:5  | Lost mutation: You have an increased reservoir of magic.
                  | (+10% MP) [potion of mutation]
114452 | Slime:5  | Gained mutation: Your flesh is heat resistant. (rF+)
                  | [potion of mutation]
114963 | Zot:1    | Entered Level 1 of the Realm of Zot
115540 | Zot:1    | Reached XP level 24. HP: 106/142 MP: 5/44
116714 | Zot:1    | Identified the +3 war axe of Foolhardiness {drain, ^Drain
                  | rPois Int+3}
116731 | Zot:1    | Reached skill level 10 in Shapeshifting
117250 | Zot:1    | Killed from afar by a yellow draconian annihilator
117250 | Zot:1    | Lost a life (1 life remaining)
123324 | Zot:3    | Noticed Parghit
123329 | Zot:3    | Parghit changed into Parghit the rockslime
123329 | Zot:3    | Noticed Parghit
123332 | Zot:3    | Killed Parghit the rockslime
124157 | Zot:3    | You fall into a shaft and drop 1 floor!
124796 | Zot:3    | Noticed an orb of fire
124800 | Zot:3    | Killed an orb of fire
125195 | Zot:4    | Reached XP level 25. HP: 121/147 MP: 3/44
125195 | Zot:4    | Gained a life (2 lives remaining)
125628 | Zot:4    | Reached skill level 15 in Shapeshifting
128442 | Zot:5    | Entered Level 5 of the Realm of Zot
128461 | Zot:5    | Found a hazy altar of Hepliaklqana.
128753 | Zot:5    | Found an opulent altar of Gozag.
129121 | Zot:4    | Reached XP level 26. HP: 153/153 MP: 44/44
129266 | Zot:5    | Noticed a dread lich
129284 | Zot:5    | Killed a dread lich
129900 | Zot:5    | Noticed an ancient lich
129906 | Zot:5    | Killed an ancient lich
129907 | Zot:5    | Reached skill level 23 in Dodging
130173 | Zot:5    | Found a hazy altar of Hepliaklqana.
130836 | Zot:5    | Noticed an orb of fire
130840 | Zot:5    | Killed an orb of fire
130945 | Zot:5    | Noticed an ancient lich
130958 | Zot:5    | Noticed an orb of fire
130962 | Zot:5    | Gained mutation: You occasionally lose the ability to read
                  | scrolls when taking damage. [an orb of fire]
131260 | Zot:5    | Killed an orb of fire
131268 | Zot:5    | Killed an ancient lich
131280 | Zot:5    | Noticed an orb of fire
131406 | Zot:5    | Gained mutation: You occasionally shout uncontrollably at
                  | your foes. [an orb of fire]
131407 | Zot:5    | Killed an orb of fire
131407 | Zot:5    | Noticed an orb of fire
131411 | Zot:5    | Gained mutation: You are clumsy. (Dex -2) [an orb of fire]
131516 | Zot:5    | Gained mutation: You are very clumsy. (Dex -4) [an orb of
                  | fire]
131526 | Zot:5    | Gained mutation: You are vulnerable to cold. (rC-) [an orb
                  | of fire]
131528 | Zot:5    | Killed an orb of fire
132137 | Zot:5    | Reached skill level 24 in Dodging
132787 | Zot:5    | Noticed a dread lich
133127 | Zot:5    | Killed a dread lich
134712 | Zot:5    | Lost mutation: You occasionally shout uncontrollably at
                  | your foes. [potion of mutation]
134712 | Zot:5    | Lost mutation: You occasionally lose the ability to read
                  | scrolls when taking damage. [potion of mutation]
134712 | Zot:5    | Lost mutation: You are very clumsy. (Dex -4) [potion of
                  | mutation]
134712 | Zot:5    | Gained mutation: You possess an exceptional clarity of
                  | mind. [potion of mutation]
134712 | Zot:5    | Gained mutation: You have a pair of small horns on your
                  | head. [potion of mutation]
134713 | Zot:5    | Lost mutation: You are vulnerable to cold. (rC-) [potion of
                  | mutation]
134713 | Zot:5    | Lost mutation: You have very sharp fingernails. [potion of
                  | mutation]
134713 | Zot:5    | Gained mutation: Your flesh is very heat resistant. (rF++)
                  | [potion of mutation]
134714 | Zot:5    | Lost mutation: You are clumsy. (Dex -2) [potion of
                  | mutation]
134714 | Zot:5    | Lost mutation: You have a pair of small horns on your head.
                  | [potion of mutation]
134714 | Zot:5    | Lost mutation: Your flesh is very heat resistant. (rF++)
                  | [potion of mutation]
134714 | Zot:5    | Gained mutation: You occasionally shout uncontrollably at
                  | your foes. [potion of mutation]
134714 | Zot:5    | Gained mutation: Your magical capacity is low. (-10% MP)
                  | [potion of mutation]
134714 | Zot:5    | Gained mutation: You are partially covered in iridescent
                  | scales. (AC +2) [potion of mutation]
134715 | Zot:5    | Lost mutation: Your flesh is heat resistant. (rF+) [potion
                  | of mutation]
134715 | Zot:5    | Lost mutation: Your magical capacity is low. (-10% MP)
                  | [potion of mutation]
134715 | Zot:5    | Lost mutation: You occasionally shout uncontrollably at
                  | your foes. [potion of mutation]
134715 | Zot:5    | Gained mutation: You are resistant to electric shocks.
                  | (rElec) [potion of mutation]
134739 | Zot:5    | Got the Orb of Zot
134818 | Zot:3    | Reached XP level 27. HP: 156/161 MP: 25/44
135020 | Depths:1 | Noticed Mefuikhlol the pandemonium lord
135187 | D:11     | Noticed a seraph
135374 | D:$      | Escaped with the Orb!

Illustrated notes

Levels and vault maps discovered:
D:1:      matt_arrival_spirals, layout_rooms
D:2:      layout_loops_cross, minmay_diced_spiral, uniq_jessica, uniq_terence
D:3:      layout_basic, dreamdust_ecumenical_altar_angels_and_demons,
          uniq_grinder, uniq_ijyb
D:4:      layout_rooms, mainiacjoe_overflow_chevrons, gup_sewer_entry_bubbles
D:5:      layout_gridville, minmay_temple_entry_overgrown
D:6:      layout_loops_ring, hangedman_decor_points, kennysheep_pointless_box,
          chequers_garden, uniq_eustachio
D:7:      layout_basic, zin_purify, serial_glass, glass_columns_a,
          glass_columns_a, uniq_jeremiah
D:8:      layout_basic, nicolae_elyvilon_peaceful_grove,
          nzn_hepliaklqana_mist_gate, david_lair_generic, enter_bailey_5,
          eino_tiny_chamber
D:9:      layout_cross, fedhas_bush_and_centaur_altar, gammafunk_ghost_ooze
D:10:     layout_cave_pods, xom_butterflies,
          mainiacjoe_overflow_small_starburst,
          hangedman_abyss_or_decor_jellyfish_corner, lightli_orcish_oven,
          uniq_lodul, uniq_erica
D:11:     layout_irregular_city, serial_shops, shop, lemuel_nasty_fountain
D:12:     layout_roguey, david_orc_2, ebering_ghost_funeral_grove
D:13:     layout_irregular_city
D:14:     layout_loops_ring, hellmonk_vaults_order_and_chaos, serial_undead,
          serial_undead_e, serial_undead_f, serial_undead_c, serial_undead_a,
          gauntlet_entry_generic, lemuel_crystal_altar, drop_trap, uniq_azrael
D:15:     grunt_enter_depths_snipers, layout_long_grid,
          hangedman_decor_diamond_cutter, enter_trove_2, uniq_roxanne,
          uniq_josephine
Temple:   minmay_freezing_vapour_temple
Lair:1:   layout_regular_city
Lair:2:   layout_big_grid, alex1729_snake_entry_snake, st_stairs_12
Lair:3:   lemuel_ratsnest, layout_regular_city,
          minmay_shoals_entry_lonely_mermaid, serial_bayou_shore_a
Lair:4:   layout_regular_city, nicolae_lair_lil_pond,
          nicolae_lair_time_for_slime, infiniplex_staircase_pool,
          grunt_megastairs_2
Lair:5:   hellmonk_lair_end_abyssal_woods, layout_long_grid,
          minmay_slime_entry_oklob_open, nicolae_lair_lindhole
Shoals:1: cheibrodos_shoals_gigantism, layout_shoals, serial_shops,
          nicolae_shop_advertising_works [nicolae_subvault_shop_adworks],
          nicolae_shoals_enchanted_isle
Shoals:2: layout_shoals
Shoals:3: layout_shoals
Shoals:4: shoals_end_hangedman, layout_shoals, nicolae_shoals_undead_eyrie,
          uniq_polyphemus, uniq_bai_suzhen
Snake:1:  layout_cave_pods, uniq_louise
Snake:2:  layout_rooms
Snake:3:  layout_cave_town, lemuel_fruit_tree, nicolae_triple_integral,
          uniq_aizul, uniq_nikola
Snake:4:  hellmonk_snake_rune_quicksilver_temple, layout_rooms, uniq_donald
Slime:1:  layout_caves
Slime:2:  layout_caves
Slime:3:  cheibrodos_slime_lost_civilization_3, layout_caves, basic_altar,
          nicolae_slime_ancient_tower_intersection
Slime:4:  layout_caves
Slime:5:  slime_pit_nicolae_jellycorners
Orc:1:    layout_caves
Orc:2:    pf_orc_diabolical, layout_caves, uniq_nessos
Elf:1:    eino_elf_arrival_the_gate, layout_gridlike, kb_rosetta,
          nrook_loot_triangle, minmay_shop_grove
Elf:2:    nicolae_elf_blades_splatter_lattice [nicolae_blade_tridents],
          layout_rooms, uniq_agnes
Elf:3:    grunt_elf_hall_diamonds, layout_geoelf_grid,
          minmay_checkered_concentric_circles
Vaults:1: grunt_vaults_bifocal, v_pattern_1, vaults_mumra_chevron,
          nicolae_vaults_taking_the_gang_shopping, vaults_dpeg_ring,
          nicolae_vaults_house_2, v_misc_15, nicolae_vaults_mush_room,
          v_misc_15, nicolae_vaults_what_the_h, ontoclasm_vaults_pinch,
          nicolae_vaults_rhombus_6, layout_vaults_ring, serial_shops,
          nicolae_shop_pleasant_corner_grove
Vaults:2: vaults_standard_mumra_lines, nicolae_vaults_angled_halls, v_rooms_3,
          grunt_vaults_twisty, hangedman_vaults_stretched_pinwheel, st_lines,
          ontoclasm_vaults_ligature, v_misc_26, vaults_mumra_hex,
          nicolae_vaults_two_Ls, nicolae_vaults_diamond_1,
          layout_vaults_quadrants, serial_shops, nicolae_shop_rolling_square
Vaults:3: nicolae_vaults_twisting_passages, vaults_mumra_minichess_inversion,
          minmay_crypt_entry_simple_plaza, v_misc_15,
          nicolae_vaults_network_square, nicolae_vaults_two_Ls, v_misc_16,
          hangedman_vaults_maws, hangedman_vaults_variations,
          ontoclasm_vaults_bender, nicolae_vaults_asterisk, v_misc_28,
          ontoclasm_vaults_twist, nicolae_vaults_storage_room_statues,
          nicolae_vaults_library_corner, layout_vaults_omnicross, serial_shops,
          bzr_entry_safe
Vaults:4: ontoclasm_vaults_ring_small, nicolae_vaults_trapezoid_2,
          nicolae_vaults_windows_and_doors_thing, v_misc_5,
          nicolae_vaults_enemy_cabinets, nicolae_vaults_trapezoid_layered,
          v_alt_pattern_2, hangedman_vaults_stretched_pinwheel,
          hangedman_vaults_maws, ontoclasm_vaults_decontamination,
          ontoclasm_vaults_hangar, v_misc_17, layout_vaults_big_room
Depths:1: layout_cave_shapes, hell_entry, kennysheep_inner_square,
          grunt_megastairs_4
Depths:2: gammafunk_jiyva_shrine, layout_gridlike, grunt_hell_entry_dis_grunt,
          grunt_pan_entry_in_and_out, nicolae_evil_shop,
          infiniplex_staircase_pillars_3b
Depths:3: hangedman_crystal_crosses_colossus [crystal_crosses_arms_two,
          crystal_crosses_arms_two, crystal_crosses_arms_one], hell_entry,
          abyss_entry
Depths:4: evilmike_zot_entry_hall, layout_basic,
          nicolae_hell_entry_big_baal_hell, abyss_entry_glasseish,
          minmay_misc_feat_plants, moated_statue, serial_bayou_shore_b
Zot:1:    lemuel_acid_trip, layout_cathedral_of_symmetry
Zot:2:    cheibrodos_frozen_isle, layout_onion_interference,
          st_small_dragon_hoard_5
Zot:3:    layout_gridlike, grunt_megastairs_5, uniq_parghit
Zot:4:    layout_onion_interference, regret_index_zotdec_under_construction,
          st_stairs_1, grunt_megastairs_1
Zot:5:    layout_basic, hangedman_feature_mirror, nicolae_tricolors

Skill      XL: |  1  2  3  4  5  6  7  8  9 10 11 12 13 14 15 16 17 18 19 20 21 22 23 24 25 26 27 |
---------------+----------------------------------------------------------------------------------+-----
Conjurations   | 1 2 3 4 5 6 7 8 9 10 11 12 14 15 16 | 16.0
Fighting       | 1 2 3 4 5 6 8 9 10 11 12 13 14 15 16 17 18 20 21 22 | 22.0
Summonings     | 2 3 |  3.0
Air Magic      | 1 2 3 4 5 6 7 8 |  8.0
Alchemy        | 1 2 3 4 6 7 8 9 10 | 10.0
Evocations     | 1 2 3 4 6 8 9 10 | 10.0
Spellcasting   | 4 5 7 8 10 11 12 13 14 15 16 | 16.0
Unarmed Combat | 1 3 4 5 6 |  6.0
Invocations    | 1 2 3 5 7 8 10 12 14 15 16 17 18 19 | 19.0
Hexes          | 2 5 8 10 | 10.0
Stealth        | 6 |  6.0
Dodging        | 6 9 10 12 13 15 17 18 21 22 24 | 24.9
Fire Magic     | 3 4 |  4.0
Ice Magic      | 3 5 7 8 |  8.0
Shapeshifting  | 8 14 16 | 16.0
Translocations | |  1.5

Action                     |  1- 3 |  4- 6 |  7- 9 | 10-12 | 13-15 | 16-18 | 19-21 | 22-24 | 25-27 || total
---------------------------+-------+-------+-------+-------+-------+-------+-------+-------+-------++-------
  Melee: Unarmed           |    17 |    52 |   114 |   270 |   204 |   121 |   208 |   159 |    33 ||  1178
         Bite              |     1 |     4 |    23 |    45 |    45 |    23 |    54 |    42 |     7 ||   244
         Punch             |       |       |     6 |    10 |     9 |     7 |    19 |    11 |     2 ||    64
   Cast: Magic Dart        |    93 |   169 |   307 |   197 |   190 |    43 |     8 |     1 |       ||  1008
         Call Imp          |     6 |    17 |    50 |     5 |     2 |       |       |       |       ||    80
         Mephitic Cloud    |     2 |    10 |    52 |    71 |    91 |    67 |    53 |    30 |     8 ||   384
         Blink             |       |       |    10 |     3 |    11 |     4 |       |     3 |     6 ||    37
         Slow              |       |       |     1 |     5 |       |       |       |       |       ||     6
         Fulminant Prism   |       |       |       |   147 |   272 |   163 |    50 |     3 |       ||   635
         Dazzling Flash    |       |       |       |     1 |     6 |       |       |       |       ||     7
         Olgreb's Toxic Ra |       |       |       |       |   264 |   191 |   254 |   182 |    40 ||   931
         Irradiate         |       |       |       |       |    53 |   129 |    83 |   113 |    52 ||   430
         Ignite Poison     |       |       |       |       |    38 |    55 |    78 |    52 |     9 ||   232
         Yara's Violent Un |       |       |       |       |       |    46 |    37 |    41 |    13 ||   137
         Discord           |       |       |       |       |       |     1 |       |       |       ||     1
         Freezing Cloud    |       |       |       |       |       |   223 |   193 |   185 |    22 ||   623
         Confusing Touch   |       |       |       |       |       |       |     5 |     8 |     1 ||    14
         Orb of Destructio |       |       |       |       |       |       |    56 |   452 |   175 ||   683
         Polar Vortex      |       |       |       |       |       |       |       |     1 |       ||     1
         Apportation       |       |       |       |       |       |       |       |       |     1 ||     1
 Invoke: Channel Magic     |       |       |     1 |     8 |    19 |    31 |    16 |    28 |    16 ||   119
         Divine Exegesis   |       |       |       |       |       |     1 |       |     1 |       ||     2
  Evoke: Wand              |       |       |     9 |       |    21 |     7 |       |    12 |     3 ||    52
         Gell's gravitambo |       |       |     1 |     2 |     9 |     4 |       |       |     2 ||    18
         Lightning rod     |       |       |       |       |     8 |    10 |     3 |    11 |     3 ||    35
         Phantom mirror    |       |       |       |       |       |     3 |       |     1 |       ||     4
    Use: Potion            |     1 |     1 |     4 |     2 |     7 |    10 |       |     6 |    12 ||    43
         Scroll            |       |     3 |     8 |     7 |    16 |    10 |     3 |    17 |     9 ||    73
   Stab: Distracted        |     1 |     1 |       |       |       |       |       |       |       ||     2
         Confused          |       |     2 |    19 |    43 |    26 |    10 |    23 |     9 |     3 ||   135
         Sleeping          |       |     1 |     2 |     1 |     1 |     1 |     5 |       |       ||    11
         Invisible         |       |       |       |     2 |     1 |       |       |       |       ||     3
 Armour: Skin              |    12 |    42 |    76 |    88 |   211 |   301 |   228 |   349 |   100 ||  1407
  Dodge: Dodged            |    47 |    86 |   110 |   155 |   335 |   504 |   421 |   569 |   212 ||  2439
   Form: Beast             |       |       |       |       |       |       |     1 |       |       ||     1

Table legend: (Time is in decaauts)
 A = Elapsed time spent in this place.
 B = Non-inter-level travel time spent in this place.
 C = Inter-level travel time spent in this place.
 D = Time resting spent in this place.
 E = Time spent auto-exploring this place.
 F = Levels seen in this place.
 G = Mean time per level.
                   A        B        C        D        E       F      G
               +--------+--------+--------+--------+--------+-----+--------+
         Total | 135950 | 128852 |   7098 |  26585 |  76941 |  55 | 2471.8 |
       Dungeon |  28298 |  25509 |   2789 |   3535 |  16552 |  15 | 1886.5 |
        Temple |      9 |      8 |      1 |      0 |      8 |   1 |    9.0 |
          Lair |  15587 |  14367 |   1220 |   4240 |   6941 |   5 | 3117.4 |
        Shoals |  11430 |  10822 |    608 |   3874 |   5054 |   4 | 2857.5 |
     Snake Pit |   9303 |   8900 |    403 |   1909 |   5170 |   4 | 2325.8 |
    Slime Pits |   6220 |   6121 |     99 |   1440 |   3803 |   5 | 1244.0 |
  Orcish Mines |   4295 |   4005 |    290 |   1102 |   2107 |   2 | 2147.5 |
   Elven Halls |  10525 |  10126 |    399 |   1718 |   6541 |   3 | 3508.3 |
        Vaults |  13883 |  13535 |    348 |   1308 |   9645 |   4 | 3470.8 |
        Depths |  15204 |  14706 |    498 |   1950 |  10012 |   4 | 3801.0 |
           Zot |  18617 |  18176 |    441 |   4479 |  10796 |   5 | 3723.4 |
        Bazaar |     79 |     79 |      0 |      0 |     57 |   1 |   79.0 |
         Sewer |    795 |    795 |      0 |    177 |    192 |   1 |  795.0 |
        Bailey |   1698 |   1698 |      0 |    853 |     60 |   1 | 1698.0 |
               +--------+--------+--------+--------+--------+-----+--------+

Top non-repeatable levels by time:
  Lair:5: 5201 daAuts
   Elf:3: 4994 daAuts
   Zot:5: 4926 daAuts
Vaults:2: 4883 daAuts
Depths:1: 4795 daAuts
   Zot:4: 4780 daAuts
Depths:3: 4422 daAuts
   Zot:1: 4169 daAuts
Shoals:4: 3808 daAuts
  Lair:4: 3724 daAuts
Depths:4: 3646 daAuts
   Orc:2: 3319 daAuts
Vaults:1: 3280 daAuts
   Elf:2: 3268 daAuts
 Snake:1: 3068 daAuts
